 Dungeon Crawl Stone Soup version 0.28-a0-1506-g3893175d92 (webtiles) character file.

Game seed: 5367119152912346171

9 knot the Chopper (level 2, 9/36 HPs)
             Began as a Demonspawn Berserker on Jan 14, 2022.
             Was a Follower of Trog.
             Quit the game on level 1 of the Dungeon.
             The game lasted 00:00:15 (213 turns).

knot the Chopper (Demonspawn Berserker)              Turns: 213, Time: 00:00:16

Health: 9/36       AC:  2    Str: 17    XL:     2   Next: 6%
Magic:  2/2        EV: 12    Int:  8    God:    Trog [*.....]
Gold:   18         SH:  0    Dex: 12    Spells: 1/1 levels left

rFire   . . .      SeeInvis .   a - +0 hand axe
rCold   . . .      Faith    .   (no shield)
rNeg    . . .      Spirit   .   b - +0 animal skin
rPois   .          Reflect  .   (no helmet)
rElec   .          Harm     .   (no cloak)
rCorr   .          Rampage  .   (no gloves)
Will    .....                   (no boots)
Stlth   ..........              (no amulet)
HPRegen 0.12/turn               (no ring)
MPRegen 0.08/turn               (no ring)

@: berserking, very quick
A: demonic touch 1
a: Renounce Religion, Berserk


You were on level 1 of the Dungeon.
You worshipped Trog.
Trog was aware of your devotion.
You visited 1 branch of the dungeon, and saw 1 of its levels.

You collected 18 gold pieces.

Inventory:

Hand Weapons
 a - a +0 hand axe (weapon)
Missiles
 c - 47 stones (quivered)
Armour
 b - a +0 animal skin (worn)


   Skills:
 - Level 3.0 Fighting
 + Level 3.3 Axes
 - Level 1.7 Armour
 - Level 1.7 Dodging


You had one spell level left.
You didn't know any spells.
Your spell library was empty.

Dungeon Overview and Level Annotations

Branches:
Dungeon (1/15)

Altars:


Innate Abilities, Weirdness & Mutations

Your touch may inflict minor irresistible damage on your foes.


Message History

The jackal barely misses you.
You hit the jackal.
The jackal is almost dead.
You barely miss the jackal. You barely miss the quokka.
The jackal closely misses you. The bat hits you.
The jackal completely misses you. The quokka closely misses you.
The jackal barely misses you. The jackal misses you.
The bat closely misses you.
A red film seems to cover your vision as you go berserk!
You feel yourself moving faster!
You feel mighty! The quokka bites you. The bat barely misses you.
The jackal completely misses you. The jackal bites you. The quokka bites you.
You are too injured to fight recklessly!
You are too injured to fight recklessly!
You are too injured to fight recklessly!
You slash the jackal!
You kill the jackal!
Trog accepts your kill.
You closely miss the jackal. You hit the quokka. The jackal bites you.
The bat completely misses you. The quokka bites you.
* * * LOW HITPOINT WARNING * * *
Your Axes skill increases to level 3!
You barely miss the jackal. You closely miss the jackal. You slash the bat!
You kill the bat!
Trog accepts your kill.
You hit the quokka.
You kill the quokka!
Trog accepts your kill. The jackal misses you. x2
You hit the jackal.
You kill the jackal!
Trog accepts your kill.
You hit the jackal.
You kill the jackal!
Trog accepts your kill.
You have reached level 2!
You feel monstrous as your demonic heritage exerts itself.
Your demonic ancestry asserts itself...
Your hands begin to faintly glow with unholy energy.
Are you sure you want to abandon this character and quit the game? (Confirm with "yes".)

♣.♣#♣.♣#... ......#..#
#...#.. ........ .
#...#.♣♣ ♣♣♣...#.# .#
#...#.. .......# ...
#.....♣♣♣♣♣♣...# ...
#...#..........# ..###
#..............###......
#.#.#.###...#...@....#
#.....# #.......†.......
#.#.#.# #..##.#.#.#w..#.
# #.#†###..##.#.#.# ..#
#.#.............. .#
#.#.###..######.#. #
#.#.# #..# .#.. #.#..
..... .. .. #.### #..###


You could see a dart slug.

Vanquished Creatures
  A hobgoblin (D:1)
  3 jackals (D:1)
  A quokka (D:1)
  2 bats (D:1)
  A frilled lizard (D:1)
8 creatures vanquished.

Notes
Turn   | Place    | Note
-------+----------+-------------------------------------------
     0 | D:1      | knot the Demonspawn Berserker began the quest for the Orb.
     0 | D:1      | Reached XP level 1. HP: 18/18 MP: 1/1
   213 | D:1      | Discovered your monstrous ancestry.
   213 | D:1      | Gained mutation: Your touch may inflict minor irresistible
                  | damage on your foes. [demonic ancestry]
   213 | D:1      | Reached XP level 2. HP: 9/24 MP: 2/2
   213 | D:1      | Quit the game

Illustrated notes

Levels and vault maps discovered:
D:1:      dpeg_arrival_signposts, layout_basic, serial_forest,
          infiniplex_forest_fountain, infiniplex_forest_clump_large,
          infiniplex_forest_straight_2, infiniplex_forest_lined_room_2,
          infiniplex_forest_lined_3, infiniplex_forest_lined_3,
          infiniplex_forest_join, infiniplex_forest_lined_room_2,
          hangedman_abyss_or_decor_stabs, skrybe_limestone_x

Skill      XL: |  1 |
---------------+----+-----
Axes           | 3 |  3.3
Fighting       | |  3.0
Armour         | |  1.7
Dodging        | |  1.7

Action                   || total
-------------------------++-------
Melee: Hand axe          ||    12
Invok: Berserk           ||     1
 Stab: Sleeping          ||     1
Armor: Animal skin       ||     3
Dodge: Dodged            ||    24

Table legend: (Time is in decaauts)
 A = Elapsed time spent in this place.
 B = Non-inter-level travel time spent in this place.
 C = Inter-level travel time spent in this place.
 D = Time resting spent in this place.
 E = Time spent auto-exploring this place.
 F = Levels seen in this place.
 G = Mean time per level.
                   A        B        C        D        E       F      G
               +--------+--------+--------+--------+--------+-----+--------+
         Total |    213 |    213 |      0 |      0 |    183 |   1 |  213.0 |
       Dungeon |    213 |    213 |      0 |      0 |    183 |   1 |  213.0 |
               +--------+--------+--------+--------+--------+-----+--------+

Top non-repeatable levels by time:
     D:1: 213 daAuts
